 Dungeon Crawl Stone Soup version 0.22-a0-533-g4d20840e7c (webtiles) character file.

513 Niddhogr the Sneak (level 7, 0/52 HPs)
             Began as a Formicid Fighter on June 21, 2018.
             Slain by an orc priest
             ... wielding a +0 hand axe
              (5 damage)
             ... on level 4 of the Dungeon.
             The game lasted 00:06:52 (3076 turns).

Niddhogr the Sneak (Formicid Fighter)               Turns: 3076, Time: 00:06:53

Health: 0/52       AC:  4    Str: 20    XL:     7   Next: 43%
Magic:  7/7        EV:  9    Int:  8    God:
Gold:   196        SH:  9    Dex: 12    Spells: 6/6 levels left

rFire    + . .     SeeInvis +   a - +0 trident
rCold    . . .     Gourm    .   c - +0 shield
rNeg     . . .     Faith    .   i - +1 leather armour {rF+}
rPois    .         Spirit   .   (helmet unavailable)
rElec    .         Reflect  .   (no cloak)
rCorr    .         Harm     .   (no gloves)
MR       .....                  (no boots)
Stlth    +++.......             (no amulet)
HPRegen  0.17/turn              (no ring)
MPRegen  0.10/turn              (no ring)

@: no status effects
A: permanent stasis, dig shafts and tunnels, four strong arms, antennae 3
a: Dig, Shaft Self


You were on level 4 of the Dungeon.
You were not hungry.

You visited 1 branch of the dungeon, and saw 4 of its levels.

You collected 196 gold pieces.

Inventory:

Hand Weapons
 a - a +0 trident (weapon)
Armour
 c - a +0 shield (worn)
 i - a +1 leather armour of fire resistance (worn)
Wands
 t - a wand of random effects (28)
Scrolls
 e - 2 scrolls of remove curse {unknown}
 g - 4 scrolls of teleportation {unknown}
 h - 4 scrolls of fog
 l - a scroll of enchant armour {unknown}
 m - a scroll of enchant weapon {unknown}
 n - 2 scrolls of magic mapping {unknown}
Potions
 d - a potion of might
 o - a potion of magic
 p - a potion of resistance
 q - a potion of flight
 r - a potion of degeneration {unknown}
 s - 2 potions of brilliance
Comestibles
 b - a chunk of flesh
 f - 11 rations


   Skills:
 - Level 3.2 Fighting
 + Level 5.5 Polearms
 - Level 3.2 Armour
 + Level 6.6 Stealth
 - Level 3.6 Shields


You had 6 spell levels left.
You didn't know any spells.
Your spell library was empty.

Dungeon Overview and Level Annotations

Branches:
Dungeon (4/15)
 Temple: D:4-7

Altars:
Cheibriados
Zin


Innate Abilities, Weirdness & Mutations

You cannot be hasted, slowed, berserked, paralysed or teleported.
You can dig through walls and to a lower floor.
Your four strong arms can wield two-handed weapons with a shield.
You have a pair of large antennae on your head. (SInv)


Message History

The orc priest mumbles some strange prayers to Beogh against you.
Beogh smites you!
* * * LOW HITPOINT WARNING * * *
You are confused.
You feel invigorated. The orc completely misses you.
The orc hits you but does no damage. The orc barely misses you.
The orc hits you but does no damage.
The orc priest calls down the wrath of Beogh upon you.
Pain shoots through your body!
* * * LOW HITPOINT WARNING * * *
You feel less invigorated.
You feel less confused. The orc misses you.
The orc priest mumbles some strange prayers to Beogh against you.
Beogh smites you!
* * * LOW HITPOINT WARNING * * *
You block the orc's attack.
The orc priest hits you with a hand axe.
You die...

#.##.....#
###.##.#####
#......# #.#.##.#
# #.#.[.## .# #
###.######.#
#........#
#.......#.....#
#....##.#@....#
#....##'#oo...#
#.....o)......#
.................
...#.#...........#
# +...........#
#...###......
##### ....## ....#


You could see an orc priest and an orc.

Vanquished Creatures
  A sky beast (D:2)
  4 big kobolds (D:1)
  An orc priest (D:4)
  3 adders
  2 oozes
  A worm (D:4)
  3 dart slugs
  A leopard gecko (D:1)
  15 orcs
  2 ball pythons
  4 bats
  3 giant cockroaches
  5 goblins
  4 hobgoblins
  2 jackals (D:1)
  2 quokkas (D:2)
  6 frilled lizards
  7 kobolds
  4 rats
70 creatures vanquished.

Notes
Turn   | Place    | Note
-------+----------+-------------------------------------------
     0 | D:1      | Niddhogr the Formicid Fighter began the quest for the Orb.
     0 | D:1      | Reached XP level 1. HP: 18/18 MP: 1/1
   133 | D:1      | Reached skill level 1 in Stealth
   146 | D:1      | Reached XP level 2. HP: 13/24 MP: 2/2
   451 | D:1      | Noticed a big kobold
   451 | D:1      | Noticed a big kobold
   453 | D:1      | Noticed a big kobold
   475 | D:1      | Noticed a big kobold
   543 | D:1      | Reached skill level 2 in Stealth
   940 | D:2      | Reached XP level 3. HP: 25/29 MP: 3/3
  1188 | D:2      | Reached skill level 3 in Stealth
  1188 | D:2      | Reached XP level 4. HP: 31/35 MP: 4/4
  1293 | D:2      | Noticed a sky beast
  1315 | D:2      | Killed a sky beast
  1315 | D:2      | Reached skill level 4 in Stealth
  1315 | D:2      | Reached XP level 5. HP: 35/41 MP: 5/5
  1825 | D:3      | Found a snail-covered altar of Cheibriados.
  2134 | D:3      | Found a glowing silver altar of Zin.
  2404 | D:4      | HP: 2/41 [orc priest/divine providence (13)]
  2405 | D:4      | Reached XP level 6. HP: 3/47 MP: 6/6
  2410 | D:4      | HP: 2/47 [orc/tomahawk (2)]
  2693 | D:1      | Reached skill level 5 in Stealth
  2728 | D:1      | Reached skill level 5 in Polearms
  2743 | D:1      | Reached XP level 7. HP: 16/52 MP: 7/7
  2747 | D:1      | Reached skill level 6 in Stealth
  3076 | D:4      | Slain by an orc priest

Vault maps used:
D:1:      erik_arrival_cave_to_civilisation
D:2:      first_ration, minmay_heptomino_d4
D:3:      zin_scriptorium, nicolae_overflow_crystal_walls, serial_bayou,
          serial_bayou_crossing, serial_bayou_lake_a, serial_bayou_shore_a,
          serial_bayou_ford_a
D:4:      minmay_door_path, nicolae_overflow_hidden_temple,
          overflow_temple_1_default, yredelemnul_altar_generic, temple_green,
          serial_park_tiny_2, uniq_ijyb

Skill      XL: |  1  2  3  4  5  6  7 |
---------------+----------------------+-----
Stealth        | 1 2 3 4 5 6 |  6.6
Polearms       | 3 4 5 |  5.5
Fighting       | |  3.2
Armour         | |  3.2
Shields        | |  3.6

Action                   |  1- 3 |  4- 6 |  7- 9 || total
-------------------------+-------+-------+-------++-------
Melee: Trident           |   105 |   167 |    62 ||   334
 Abil: Dig               |       |     1 |       ||     1
  Use: Potion            |       |     4 |     2 ||     6
       Scroll            |       |       |     6 ||     6
  Eat: Chunk             |       |     6 |     2 ||     8
Armor: Scale mail        |    34 |    51 |     9 ||    94
       Leather armour    |       |       |     5 ||     5
Dodge: Dodged            |    23 |    39 |    16 ||    78
Block: Shield            |    45 |    69 |    28 ||   142

Table legend:
 A = Spawn XP
 B = Non-spawn XP
 C = Spawn XP percentage of total XP
 D = Spawn monster count
 E = Non-spawn monster count
 F = Spawn count percentage of total count
 G = Total turns spent on level
                    A         B        C        D         E        F      G
               +---------+---------+-------+---------+---------+-------+---------
         Total |       0 |     733 |   0.0 |       0 |      70 |   0.0 |  3076
               +---------+---------+-------+---------+---------+-------+---------
           D:1 |       0 |     453 |   0.0 |       0 |      26 |   0.0 |  1326
           D:2 |       0 |     191 |   0.0 |       0 |      27 |   0.0 |   608
           D:3 |       0 |      28 |   0.0 |       0 |      11 |   0.0 |   861
           D:4 |       0 |      61 |   0.0 |       0 |       6 |   0.0 |   281
               +---------+---------+-------+---------+---------+-------+---------
